 Dungeon Crawl Stone Soup version 0.21.1-1-g345015fe64 (webtiles) character file.

63 Ivernyr the Charmwright (level 4, -8/33 HPs)
             Began as a Human Skald on June 5, 2018.
             Mangled by Crazy Yiuf
             ... wielding a +4 quarterstaff of chaos
              (10 damage)
             ... on level 2 of the Dungeon.
             The game lasted 00:03:56 (1508 turns).

Ivernyr the Charmwright (Human Skald)               Turns: 1508, Time: 00:03:57

Health: -8/33      AC:  4    Str: 11    XL:     4   Next: 31%
Magic:  5/7        EV: 12    Int: 14    God:
Gold:   73         SH:  0    Dex: 13    Spells: 2/7 levels left

rFire    . . .     SeeInvis .   a - +0 falchion
rCold    . . .     Gourm    .   (no shield)
rNeg     . . .     Faith    .   b - +0 leather armour
rPois    .         Spirit   .   i - +0 helmet
rElec    .         Reflect  .   (no cloak)
rCorr    .         Harm     .   (no gloves)
MR       .....                  (no boots)
Stlth    +.........             (no amulet)
HPRegen  0.11/turn              f - ring of flight
MPRegen  0.10/turn              (no ring)

@: lethally poisoned (-8 -> -19)
A: no striking features
a: Evoke Flight


You were on level 2 of the Dungeon.
You were not hungry.

You visited 1 branch of the dungeon, and saw 2 of its levels.

You collected 73 gold pieces.

Inventory:

Hand Weapons
 a - a +0 falchion (weapon)
Armour
 b - a +0 leather armour (worn)
 i - a +0 helmet (worn)
Jewellery
 f - a ring of flight (left hand)
Wands
 m - a wand of enslavement (16)
 n - a wand of digging (11)
Scrolls
 e - 3 scrolls of identify {unknown}
 j - a scroll of fear {unknown}
 o - a scroll of magic mapping {unknown}
Potions
 g - 2 potions of cancellation {unknown}
 h - a potion of brilliance {unknown}
 l - a potion of curing {unknown}
Books
 c - a book of Battle

   Spells                             Type                      Level
   a - Infusion                       Charms                       1
   b - Shroud of Golubria             Charms/Translocation         2
   c - Song of Slaying                Charms                       2
   d - Spectral Weapon                Hexes/Charms                 3
   e - Regeneration                   Charms/Necromancy            3
Comestibles
 d - 4 rations
 k - a chunk of flesh


   Skills:
 - Level 2.0 Fighting
 - Level 2.0 Long Blades
 * Level 2.1 Throwing
 + Level 1.8 Armour
 - Level 2.0 Dodging
 - Level 2.0 Spellcasting
 * Level 3.8 Charms


You had 2 spell levels left.
You knew the following spells:

 Your Spells              Type           Power        Failure   Level  Hunger
a - Shroud of Golubria    Chrm/Tloc      #.........   22%         2    ###....
b - Song of Slaying       Chrm           ##......     10%         2    ###....
c - Infusion              Chrm           ##..         6%          1    ##.....


Dungeon Overview and Level Annotations

Branches:
Dungeon (2/15)

Altars:
Elyvilon
Yredelemnul

Annotations:
D:2 Crazy Yiuf


Message History

You see here a mace.
Casting: Shroud of Golubria
Confirm with . or Enter, or press ? or * to list all spells.
Space distorts slightly along a thin shroud covering your body.
You open the door.
Crazy Yiuf the Enlightened comes into view.
He is wielding a quarterstaff of chaos.
Crazy Yiuf shouts!
Found seven maces and a runed mace.
You hit Crazy Yiuf but do no damage.
Crazy Yiuf hits you with a quarterstaff of chaos!
Your shroud falls apart!
You are electrocuted!
Crazy Yiuf hits you with a quarterstaff of chaos!
* * * LOW HITPOINT WARNING * * *
You are lethally poisoned!
You hit Crazy Yiuf but do no damage.
* * * LOW HITPOINT WARNING * * *
You feel sick.
Crazy Yiuf hits you with a quarterstaff of chaos!
You die...

#.# #.# #.# ####
#.# #((. #.# #.##
♣♣♣♣♣###.# #.#
### ♣♣♣)♣)...#.#
#.##
#)))#♣))♣)PP...<#
#)##
#.))g@♣♣♣♣PP....#
#.## #)))#♣♣
♣♣P....# #.# ###
♣♣##...##.##
##.#.#..#
..(##).. ###
##.###.## ####
#.. ...#..# ....#
#.# #..#.##
....##.# #..#.#


You could see Crazy Yiuf.

Vanquished Creatures
  Robin (D:2)
  A gnoll (D:1)
  A leopard gecko (D:1)
  A giant cockroach (D:1)
  10 goblins
  6 hobgoblins
  5 kobolds
  9 bats
  A frilled lizard (D:1)
  A rat (D:1)
  A spectral orc (D:2)
37 creatures vanquished.

Notes
Turn   | Place    | Note
-------+----------+-------------------------------------------
     0 | D:1      | Ivernyr the Human Skald began the quest for the Orb.
     0 | D:1      | Reached XP level 1. HP: 16/16 MP: 3/3
   104 | D:1      | Reached XP level 2. HP: 21/22 MP: 5/5
   108 | D:1      | Learned a level 2 spell: Song of Slaying
   111 | D:1      | Learned a level 2 spell: Shroud of Golubria
   194 | D:1      | Reached skill level 1 in Throwing
   236 | D:1      | Reached XP level 3. HP: 21/27 MP: 3/6
   799 | D:2      | Noticed Robin
   825 | D:2      | Killed Robin
   825 | D:2      | Reached XP level 4. HP: 3/33 MP: 1/7
  1133 | D:2      | Found a basalt altar of Yredelemnul.
  1400 | D:2      | Found a white marble altar of Elyvilon.
  1498 | D:2      | Found a runed door.
  1503 | D:2      | Noticed Crazy Yiuf
  1508 | D:2      | Mangled by Crazy Yiuf

Skill      XL: |  1  2  3  4 |
---------------+-------------+-----
Throwing       | 1 2 |  2.1
Fighting       | |  2.0
Long Blades    | |  2.0
Armour         | |  1.8
Dodging        | |  2.0
Spellcasting   | |  2.0
Charms         | |  3.8

Action                   |  1- 3 |  4- 6 || total
-------------------------+-------+-------++-------
Melee: Falchion          |   102 |    33 ||   135
 Cast: Shroud of Golubri |     4 |     2 ||     6
  Eat: Chunk             |       |     3 ||     3
Armor: Leather armour    |    32 |    10 ||    42
Dodge: Dodged            |    71 |    24 ||    95
       Rpst.: Falchion   |    23 |    11 ||    34
